 Dungeon Crawl Stone Soup version 0.29-a0-344-ge2f44be95a (webtiles) character file.

Game seed: 2609577983312578276

10 Morbidden the Sneak (level 2, 22/22 HPs)
             Began as a Demonspawn Brigand on Apr 20, 2022.
             Quit the game on level 1 of the Dungeon.
             The game lasted 00:00:19 (283 turns).

Morbidden the Sneak (Demonspawn Brigand)             Turns: 283, Time: 00:00:20

Health: 22/22      AC:  4    Str: 11    XL:     2   Next: 10%
Magic:  2/2        EV: 11    Int: 12    God:
Gold:   0          SH:  0    Dex: 14    Spells: 1/1 levels left

rFire   . . .      SeeInvis .   a - +2 dagger
rCold   . . .      Faith    .   (no shield)
rNeg    . . .      Spirit   .   b - +0 robe
rPois   .          Reflect  .   (helmet restricted)
rElec   .          Harm     .   c - +0 cloak
rCorr   .          Rampage  .   h - +0 pair of gloves
Will    .....                   (no boots)
Stlth   +++.......              (no amulet)
HPRegen 0.07/turn               (no ring)
MPRegen 0.08/turn               (no ring)

@: no status effects
A: antennae 1
a: no special abilities


You were on level 1 of the Dungeon.
You visited 1 branch of the dungeon, and saw 1 of its levels.

Inventory:

Hand Weapons
 a - a +2 dagger (weapon)
Missiles
 d - 9 poisoned darts (quivered)
 e - 3 curare-tipped darts
Armour
 b - a +0 robe (worn)
 c - a +0 cloak (worn)
 h - a +0 pair of gloves (worn)
Scrolls
 f - a scroll of fear {unknown}
 g - a scroll of amnesia {unknown}
 i - a scroll of enchant weapon {unknown}
Potions
 j - a potion of attraction {unknown}


   Skills:
 + Level 2.1 Fighting
 + Level 1.7 Short Blades
 + Level 1.7 Throwing
 + Level 0.8 Dodging
 + Level 4.1 Stealth


You had one spell level left.
You didn't know any spells.
Your spell library was empty.

Dungeon Overview and Level Annotations

Branches:
Dungeon (1/15)

Altars:


Innate Abilities, Weirdness & Mutations

You have a pair of small antennae on your head.


Message History

Found a stone staircase leading down.
No target in view!
A goblin comes into view. It is wielding a +0 club.
You see here a scroll labelled ATHAXOT GEORAI.
Found a stone staircase leading down.
A goblin is nearby!
Found 11 gold pieces.
A goblin is nearby!
A goblin comes into view. It is wielding a +0 dagger.
There are monsters nearby!
There are monsters nearby!
There are monsters nearby!
The helpless goblin fails to defend itself.
You impale the goblin!!
You kill the goblin!
You have reached level 2!
Your demonic ancestry asserts itself...
A pair of antennae grows on your head!
The goblin shouts!
You see here a +0 club.
The goblin closely misses you.
You hit the goblin.
The goblin is severely wounded.
You hit the goblin but do no damage.
The goblin is severely wounded.
A rat comes into view.
The goblin barely misses you.
You hit the goblin.
You kill the goblin!
The rat bites you but does no damage.
Things that are here:
a +0 dagger; a goblin corpse You hit the rat.
You kill the rat!
No target in view!
No target in view!
No target in view!
Unknown command.
Okay, then.
Are you sure you want to abandon this character and quit the game? (Confirm with "yes".)

#.................
#.............#.#...
...>.................
#....................
#...................#
#.#...#.............#
...........).#.......
.#......#>.........#
#......####@##.##.
###### #.# .# #..
####


There were no monsters in sight!

Vanquished Creatures
  A giant cockroach (D:1)
  A hobgoblin (D:1)
  5 goblins (D:1)
  2 rats (D:1)
9 creatures vanquished.

Notes
Turn   | Place    | Note
-------+----------+-------------------------------------------
     0 | D:1      | Morbidden the Demonspawn Brigand began the quest for the
                  | Orb.
     0 | D:1      | Reached XP level 1. HP: 16/16 MP: 1/1
   164 | D:1      | Reached skill level 4 in Stealth
   276 | D:1      | Gained mutation: You have a pair of small antennae on your
                  | head. [demonic ancestry]
   276 | D:1      | Reached XP level 2. HP: 22/22 MP: 2/2
   283 | D:1      | Quit the game

Illustrated notes

Levels and vault maps discovered:
D:1:      scummos_arrival_simple_crosswalls, layout_basic, serial_aquarium,
          aquarium_bridge_square [aquarium_subvault_wall,
          aquarium_subvault_bridge, aquarium_subvault_wall,
          aquarium_subvault_balcony], aquarium_window_fake, aquarium_window_2,
          aquarium_view_2f, aquarium_view_2a

Skill      XL: |  1 |
---------------+----+-----
Stealth        | 4 |  4.1
Fighting       | |  2.1
Short Blades   | |  1.7
Throwing       | |  1.7
Dodging        | |  0.8

Action                   || total
-------------------------++-------
Melee: Dagger            ||    16
 Stab: Sleeping          ||     3
Armor: Robe              ||     3
Dodge: Dodged            ||     5

Table legend: (Time is in decaauts)
 A = Elapsed time spent in this place.
 B = Non-inter-level travel time spent in this place.
 C = Inter-level travel time spent in this place.
 D = Time resting spent in this place.
 E = Time spent auto-exploring this place.
 F = Levels seen in this place.
 G = Mean time per level.
                   A        B        C        D        E       F      G
               +--------+--------+--------+--------+--------+-----+--------+
         Total |    281 |    281 |      0 |      0 |    214 |   1 |  281.0 |
       Dungeon |    281 |    281 |      0 |      0 |    214 |   1 |  281.0 |
               +--------+--------+--------+--------+--------+-----+--------+

Top non-repeatable levels by time:
     D:1: 281 daAuts
